Map: Acolyte LE

Players

ZenTraiDee

  • Race: Zerg Zerg
  • League: Gold
  • Spawn Location: 7:00

A.I. 1 (Very Easy)

  • Race: Protoss Protoss
  • Spawn Location: 1:00

VOD

Have the link to the VOD?

Description

Nothing is more relevant than having a 3 hatcheries in a minute.

Time

  • Played on: Oct. 20, 2017, 6:36 p.m.
  • Length: 12:34
Show
View Real Time Build Order
Export as new Build Order

ZenTraiDee Zerg 

Build Orders: 3 Hatch before Pool 

Get SALT Encoding   

  1  0:00  Hive  
    0:29  Overlord  
    0:35  Drone x12  
    0:49  Drone  
  13  1:00  Overlord  
  14  1:04  Drone  
  14  1:18  Drone  
  14  1:19  Drone  
  17  1:25  Drone  
  17  1:34  Drone  
  18  1:44  Drone  
  19  1:54  Hatchery  
  18  2:11  Hatchery  
  17  2:16  Extractor  
  16  2:29  Spawning Pool  
  15  2:32  Drone  
  15  2:33  Drone x2  
  18  2:45  Drone  
  19  2:57  Overlord  
  19  3:20  Queen x2  
  19  3:25  Zergling x4  
  25  3:31  Metabolic Boost  
  25  3:36  Drone  
  25  3:37  Drone x3  
  29  3:44  Zergling x2, Drone x2  
  32  4:07  Queen  
  32  4:08  Drone x3  
  32  4:09  Drone x3  
  40  4:19  Overlord x2  
  40  4:23  Drone  
  40  4:24  Drone  
  42  4:35  Roach Warren  
  41  4:40  Drone x4  
  41  4:41  Drone  
  46  4:46  Evolution Chamber  
  46  4:49  Evolution Chamber  
  46  4:52  Evolution Chamber  
  43  4:54  Drone  
  43  4:55  Drone  
  45  5:02  Extractor x2  
  45  5:05  Extractor  
  42  5:08  Drone x4  
  42  5:09  Drone  
  47  5:16  Zerg Missile Weapons Level 1  
  47  5:18  Zerg Ground Armor Level 1  
  47  5:28  Drone x4  
  50  5:29  Drone x2  
  53  5:38  Drone x3  
  53  5:39  Drone  
  57  5:56  Drone  
  58  5:59  Overlord x3  
  58  6:00  Overlord  
  57  6:21  Roach x5  
  57  6:22  Roach x6  
  57  6:23  Roach  
  81  6:27  Zerg Melee Weapons Level 1  
  81  6:37  Lair  
  81  7:03  Drone x3  
  81  7:04  Drone x5  
  89  7:08  Overlord  
  89  7:09  Overlord x3  
  89  7:28  Drone x3  
  89  7:29  Drone x6  
  98  7:30  Drone x3  
  98  7:35  Extractor  
  100  7:37  Extractor  
  99  7:57  Hatchery  
  98  8:03  Extractor  
  98  8:04  Extractor  
  96  8:12  Drone x4  
  100  8:13  Drone  
  100  8:19  Roach x5  
  115  8:20  Roach x5  
  115  8:22  Overlord x2  
  115  8:24  Zerg Melee Weapons Level 2  
  115  8:26  Zerg Missile Weapons Level 2  
  121  8:27  Zerg Ground Armor Level 2  
  121  8:32  Hydralisk Den  
  120  8:36  Infestation Pit  
  120  8:40  Glial Reconstitution  
  119  8:46  Roach x6  
  119  8:47  Roach x3  
  137  8:50  Overlord  
  137  9:18  Hive  
  137  9:21  Hydralisk  
  137  9:22  Hydralisk x5  
  137  9:23  Hydralisk  
  151  9:31  Lurker Den  
  151  9:32  Neural Parasite  
  151  9:40  Overlord x5  
  151  9:58  Tunneling Claws  
  151  10:06  Zergling x6  
  155  10:07  Zergling x10  
  155  10:08  Zergling x2  
  160  10:19  Roach x3  
  160  10:20  Roach x2  
  170  10:25  Drone  
  171  10:31  Drone x4  
  171  10:32  Drone  
  176  10:44  Drone x5  
  181  11:06  Spire  
  181  11:11  Spire  
  179  11:16  Ultralisk Cavern  
Show
View Real Time Build Order
Export as new Build Order

A.I. 1 (Very Easy) Protoss 

Build Orders:  

Get SALT Encoding   

    0:37  Probe x12 (Chrono Boost)  
    0:47  Unknown  
  13  0:50  Probe (Chrono Boost)  
  13  1:00  Probe (Chrono Boost)  
  14  1:07  Pylon  
  14  1:11  Probe (Chrono Boost)  
  15  1:26  Probe (Chrono Boost)  
  16  1:46  Nexus  
  16  1:56  Gateway  
  16  2:00  Assimilator  
  16  2:09  Pylon  
  16  2:31  Assimilator  
  16  2:44  Probe (Chrono Boost)  
  16  2:47  Cybernetics Core  
  17  2:55  Probe (Chrono Boost)  
  18  2:59  Probe (Chrono Boost)  
  19  3:06  Probe (Chrono Boost)  
  19  3:10  Warp Gate  
  20  3:22  Stalker  
  22  5:38  Zealot  
  22  5:40  Probe (Chrono Boost)  
  25  5:46  Pylon  
  25  5:47  Probe (Chrono Boost)  
  26  5:50  Robotics Facility  
  26  5:54  Probe (Chrono Boost)  
  27  6:01  Probe (Chrono Boost)  
  28  6:09  Probe (Chrono Boost)  
  29  6:16  Probe (Chrono Boost)  
  30  6:23  Nexus  
  30  6:32  Zealot  
  30  6:36  Observer  
  33  6:55  Observer  
  32  7:27  Stalker  
  34  7:37  Probe (Chrono Boost)  
  35  7:41  Assimilator  
  35  7:42  Assimilator  
  35  7:43  Probe (Chrono Boost)  
  36  7:51  Probe (Chrono Boost)  
  37  7:58  Probe (Chrono Boost)  
  38  8:05  Probe (Chrono Boost)  
  39  8:12  Probe (Chrono Boost)  
  40  8:19  Probe (Chrono Boost)  
  41  8:27  Probe (Chrono Boost)  
  42  8:34  Probe (Chrono Boost)  
  43  8:41  Probe (Chrono Boost)  
  44  8:48  Probe (Chrono Boost)  
  45  8:55  Probe (Chrono Boost)  
  46  9:02  Probe (Chrono Boost)  
  47  9:09  Probe (Chrono Boost)  
  48  11:03  Warp Prism  
  48  11:10  Gateway  
  50  11:14  Stalker  
  50  11:15  Robotics Bay  
  46  11:19  Stargate  
  46  11:23  Pylon  
  44  11:29  Probe (Chrono Boost)  
  42  11:35  Probe (Chrono Boost)  
  42  11:41  Pylon  
  42  11:42  Pylon  
  42  11:43  Probe (Chrono Boost), Zealot  
  40  11:50  Pylon  
  30  11:55  Probe (Chrono Boost)  
Tags
 
League
Gold
Matchup
PvZ
Spawn Locations
Cross Positions
Add a new tag
Caveats
  • Supply blocks, unpowered buildings, or Contaminate may cause inaccurate times.
  • Supply counts are checked every 10 seconds.